 Dungeon Crawl Stone Soup version 0.20.0-8-g6b59dc7 (webtiles) character file.

4907 Jerry the Cleaver (level 10, -2/138 HPs)
             Began as a Hill Orc Fighter on May 30, 2017.
             Was an Initiate of Gozag.
             Slain by a ten-headed hydra (9 damage)
             ... on level 1 of the Lair of Beasts.
             The game lasted 00:26:17 (9008 turns).

Jerry the Cleaver (Hill Orc Fighter)                Turns: 9008, Time: 00:26:17

Health: -2/138     AC: 25    Str: 21    XL:     10   Next: 51%
Magic:  10/10      EV:  2    Int:  6    God:    Gozag
Gold:   164        SH:  0    Dex: 11    Spells: 9/9 levels left

rFire    . . .     SeeInvis .   I - +0 war axe "Untessus" {chop, +Fly rC++ rN+ Int-3}
rCold    + + .     Gourm    .   (no shield)
rNeg     + + +     Faith    .   (armour currently unavailable)
rPois    +         Spirit   .   (helmet currently unavailable)
rElec    .         Reflect  .   (cloak currently unavailable)
rCorr    .         Harm     .   (gloves currently unavailable)
MR       .....     NoTele   +   (boots currently unavailable)
Stlth    +.........             D - amulet of regeneration
Regen    0.8/turn               j - ring of positive energy
MPRegen  0.2/turn               y - ring of wizardry

@: tree-form
A: no striking features
a: Potion Petition, Call Merchant, Bribe Branch, Renounce Religion


You were on level 1 of the Lair of Beasts.
You worshipped Gozag.
Gozag was aware of your devotion.
You were not hungry.
You were a tree.
You visited 3 branches of the dungeon, and saw 10 of its levels.

You collected 1155 gold pieces.
You spent 336 gold pieces at shops.
You paid 655 gold pieces to Gozag.

Inventory:

Hand Weapons
 a - a +0 war axe
 I - the +0 war axe "Untessus" (weapon) {chop, +Fly rC++ rN+ Int-3}
   (You found it on level 6 of the Dungeon)

   It inflicts extra damage upon your enemies.
   It affects your intelligence (-3).
   It greatly protects you from cold.
   It protects you from negative energy.
   It lets you fly.
Armour
 b - a +0 scale mail (melded)
 c - a +0 shield
 r - a +1 pair of gloves (melded)
 t - a +0 helmet (melded)
 A - a +2 pair of boots (melded)
Jewellery
 j - a ring of positive energy (left branch)
 y - a ring of wizardry (right branch)
 D - an amulet of regeneration (around neck)
Wands
 s - a wand of flame (0/48)
 x - a wand of iceblast (0/15)
 E - a wand of flame (25/48)
 H - a wand of paralysis (24/24)
Scrolls
 d - 5 scrolls of teleportation
 g - a scroll of enchant armour
 l - 2 scrolls of recharging
 q - 2 scrolls of amnesia
 w - 7 scrolls of remove curse
Potions
 i - 5 potions of curing
 k - 2 potions of heal wounds
 m - a potion of magic
 n - 2 potions of haste
 o - 2 potions of lignification
 p - 5 potions of mutation
 u - 3 potions of flight
 v - a potion of brilliance {unknown}
 G - a potion of invisibility {unknown}
Books
 B - a book of Maledictions

   Spells                             Type                      Level
   a - Corona                         Hexes                        1
   b - Ensorcelled Hibernation        Hexes/Ice                    2
   c - Confuse                        Hexes                        3
   d - Tukima's Dance                 Hexes                        3
   e - Dazzling Spray                 Conjuration/Hexes            3
 C - a book of Changes

   Spells                             Type                      Level
   a - Beastly Appendage              Transmutation                1
   b - Sticks to Snakes               Transmutation                2
   c - Spider Form                    Transmutation/Poison         3
   d - Ice Form                       Ice/Transmutation            4
   e - Blade Hands                    Transmutation                5
Comestibles
 f - 4 bread rations
 z - 5 meat rations
 F - 4 royal jellies


   Skills:
 + Level 9.6 Fighting
 * Level 13.3 Axes
 + Level 8.4 Armour
 + Level 5.5 Shields


You had 9 spell levels left.
You didn't know any spells.

Dungeon Overview and Level Annotations

Branches:
Dungeon (8/15)             Temple (1/1) D:5            Lair (1/6) D:8

Altars:
Ashenzari
Cheibriados
Dithmenos
Elyvilon
Fedhas
Gozag
Hepliaklqana
Kikubaaqudgha
Makhleb
Nemelex Xobeh
Okawaru
Qazlal
Ru
Sif Muna
Trog
Uskayaw
Vehumet
Xom
Yredelemnul
Zin
The Shining One

Shops:
D:6 (   D:8 %

Annotations:
D:8 Maurice


Message History

The ten-headed hydra bites you but does no damage. x5
The ten-headed hydra bites you.
* * * LOW HITPOINT WARNING * * *
The ten-headed hydra bites you!
* * * LOW HITPOINT WARNING * * *
Evoke which item? (* to show all) (? for menu, Esc to quit)
Aiming: Throw Flame (will waste charges)
Press: ? - help, Shift-Dir - straight line, f/p - ten-headed hydra
Aim: a ten-headed hydra (severely wounded)
The puff of flame hits the ten-headed hydra.
The ten-headed hydra is almost dead.
Evoking this partially-identified wand wasted a few charges.
The ten-headed hydra bites you but does no damage. x2
The ten-headed hydra bites you!
* * * LOW HITPOINT WARNING * * *
The ten-headed hydra completely misses you.
The ten-headed hydra bites you but does no damage. x4
The ten-headed hydra bites you!
You die...
Your body crumbles into a pile of gold.

#.....###
##......##
#........##
#.........#
#..........###
#............P#
#.............#
...............#
...[......♣....##
.........D.....#
......$.......#
............##
............#
.............#
.............#
...........#..
..........#.#.


You could see a ten-headed hydra.

Vanquished Creatures
  A spiny frog (D:8)
  Prince Ribbit (D:6)
  A hippogriff (D:8)
  The ghost of JarielCorvus the Magician, an amateur DEAE (D:3)
  5 yaks (D:8)
  A hungry ghost (D:8)
  2 hell hounds (D:8)
  A porcupine (Lair:1)
  A water moccasin (D:4)
  A hornet zombie (D:6)
  2 orc warriors
  4 sky beasts
  A black bear (D:7)
  3 ice beasts
  A phantom (D:5)
  4 ogres
  2 bullfrogs
  A scorpion (D:7)
  A wyvern skeleton (D:7)
  4 killer bees (D:7)
  4 crimson imps
  A bullfrog zombie (D:6)
  A centaur zombie (D:8)
  A jelly (D:6)
  A centaur skeleton (D:7)
  4 hounds
  3 orc priests
  7 orc wizards
  Natasha (twice) (D:3)
  2 iguanas
  3 worker ants
  A hound zombie (D:6)
  A hound skeleton (D:6)
  A howler monkey zombie (D:6)
  9 adders
  A shadow imp (D:8)
  An adder skeleton (D:4)
  2 worms (D:3)
  4 leopard geckos
  26 orcs
  A ball python (D:4)
  3 giant cockroaches
  6 hobgoblins
  19 jackals
  9 kobolds
  2 quokkas (D:5)
  6 bats
  4 frilled lizards
  6 goblins
  A leopard gecko skeleton (D:7)
  A leopard gecko zombie (D:5)
  A rat (D:1)
172 creatures vanquished.

Vanquished Creatures (others)
  A plant (D:3)
1 creature vanquished.

Grand Total: 173 creatures vanquished

Notes
Turn   | Place    | Note
-------+----------+-------------------------------------------
     0 | D:1      | Jerry the Hill Orc Fighter began the quest for the Orb.
     0 | D:1      | Reached XP level 1. HP: 19/19 MP: 1/1
   171 | D:1      | Reached skill level 3 in Axes
   250 | D:1      | Reached XP level 2. HP: 20/27 MP: 2/2
  1804 | D:2      | Reached XP level 3. HP: 29/33 MP: 3/3
  2166 | D:3      | Noticed JarielCorvus's ghost (amateur DEAE)
  2263 | D:3      | Noticed Natasha
  2277 | D:3      | Killed Natasha
  2277 | D:3      | Reached skill level 4 in Axes
  2277 | D:3      | Reached XP level 4. HP: 21/40 MP: 4/4
  2425 | D:3      | Found an iron altar of Okawaru.
  2689 | D:3      | Found a shimmering altar of Xom.
  3169 | D:3      | Noticed Natasha
  3191 | D:3      | Killed Natasha
  3191 | D:3      | Reached XP level 5. HP: 27/47 MP: 5/5
  3422 | D:4      | Noticed an ogre
  3471 | D:3      | Killed JarielCorvus's ghost
  3471 | D:3      | Reached skill level 5 in Axes
  3471 | D:3      | Reached XP level 6. HP: 32/53 MP: 6/6
  3727 | D:4      | Found a shadowy altar of Dithmenos.
  3790 | D:4      | Noticed a water moccasin
  3807 | D:4      | Killed a water moccasin
  3807 | D:4      | Reached skill level 5 in Fighting
  3807 | D:4      | Reached skill level 6 in Axes
  3807 | D:4      | Reached skill level 5 in Shields
  3829 | D:3      | HP: 2/56 [poisoned by a water moccasin]
  3836 | D:3      | HP: 1/56 [poisoned by a water moccasin]
  3844 | D:3      | HP: 1/56 [poisoned by a water moccasin]
  4557 | D:5      | Entered Level 5 of the Dungeon
  4585 | D:5      | Found a staircase to the Ecumenical Temple.
  4590 | Temple   | Entered the Ecumenical Temple
  4800 | Temple   | Became a worshipper of Gozag Ym Sagoz the Greedy
  4837 | D:5      | Noticed a phantom
  4850 | D:5      | Killed a phantom
  4850 | D:5      | Reached XP level 7. HP: 58/61 MP: 7/7
  5068 | D:5      | Reached skill level 7 in Axes
  5331 | D:5      | Noticed a fire elemental
  5333 | D:5      | Found a stormy altar of Qazlal.
  5363 | D:5      | Noticed an air elemental
  5363 | D:5      | Noticed a water elemental
  5650 | D:6      | Reached skill level 5 in Armour
  5690 | D:6      | Found a shattered altar of Ashenzari.
  5704 | D:6      | Reached skill level 8 in Axes
  5704 | D:6      | Reached XP level 8. HP: 33/70 MP: 8/8
  6017 | D:6      | Noticed Prince Ribbit
  6028 | D:6      | Killed Prince Ribbit
  6028 | D:6      | Reached skill level 9 in Axes
  6282 | D:6      | Found Vadece's Weapon Boutique.
  6369 | D:6      | Found a shadowy altar of Dithmenos.
  6473 | D:6      | Got a polished war axe
  6474 | D:6      | Identified the cursed +0 war axe "Untessus" {chop, +Fly rC++ rN+ Int-3} (You found it on level 6 of the Dungeon)
  6905 | D:7      | Reached skill level 10 in Axes
  6944 | D:7      | Reached XP level 9. HP: 79/79 MP: 9/9
  7169 | D:7      | Reached skill level 11 in Axes
  7304 | D:7      | Found a white marble altar of Elyvilon.
  7331 | D:7      | Found a burning altar of Makhleb.
  7332 | D:7      | Found a hazy altar of Hepliaklqana.
  7728 | D:8      | Found a staircase to the Lair.
  7865 | D:8      | Reached skill level 12 in Axes
  8051 | D:8      | Reached XP level 10. HP: 75/90 MP: 10/10
  8352 | D:8      | Noticed Maurice
  8690 | D:8      | Bought a meat ration for 60 gold pieces
  8690 | D:8      | Bought a bread ration for 60 gold pieces
  8690 | D:8      | Bought a meat ration for 60 gold pieces
  8690 | D:8      | Bought a meat ration for 60 gold pieces
  8690 | D:8      | Bought a royal jelly for 24 gold pieces
  8690 | D:8      | Bought a royal jelly for 24 gold pieces
  8690 | D:8      | Bought a royal jelly for 24 gold pieces
  8690 | D:8      | Bought a royal jelly for 24 gold pieces
  8718 | Lair:1   | Entered Level 1 of the Lair of Beasts
  8718 | Lair:1   | Noticed a spiny frog
  8806 | D:8      | Killed a spiny frog
  8806 | D:8      | Reached skill level 13 in Axes
  8991 | Lair:1   | Noticed an eight-headed hydra
  9008 | Lair:1   | Slain by a ten-headed hydra

Skill      XL: |  1  2  3  4  5  6  7  8  9 10 |
---------------+-------------------------------+-----
Axes           | 3 4 5 6 8 10 12 13 | 13.3
Fighting       | 4 5 6 7 8 9 |  9.6
Shields        | 4 5 |  5.5
Armour         | 4 5 6 7 8 |  8.4

Action                   |  1- 3 |  4- 6 |  7- 9 | 10-12 || total
-------------------------+-------+-------+-------+-------++-------
Melee: War axe           |   118 |   190 |   344 |   128 ||   780
Invok: Call Merchant     |       |       |       |     1 ||     1
Evoke: Wand              |       |       |       |     8 ||     8
  Use: Potion            |       |     2 |     1 |     2 ||     5
       Scroll            |       |     1 |     9 |     8 ||    18
  Eat: Chunk             |     4 |     9 |       |       ||    13
       Fruit             |       |       |     3 |       ||     3
       Royal jelly       |       |       |     3 |       ||     3
       Bread ration      |       |       |     1 |       ||     1
       Meat ration       |       |       |       |     2 ||     2
Armor: Scale mail        |    65 |    83 |   174 |    59 ||   381
       Skin              |       |       |       |    44 ||    44
Dodge: Dodged            |    36 |    57 |   134 |    47 ||   274
Block: Shield            |    73 |    71 |       |       ||   144
